 Dungeon Crawl Stone Soup version 0.17.1-2-g5865329 (webtiles) character file.

428 xeno23 the Charmwright (level 6, -2/42 HPs)
             Began as a High Elf Skald on Jan 30, 2016.
             Killed by divine providence
             ... invoked by an orc priest
              (11 damage)
             ... in the Ecumenical Temple.
             The game lasted 00:17:00 (3941 turns).

xeno23 the Charmwright (High Elf Skald)             Turns: 3941, Time: 00:17:00

Health: -2/42      AC:  6    Str: 13    XL:     6   Next: 65%
Magic:  6/12       EV: 11    Int: 17    God:
Gold:   176        SH:  0    Dex: 16    Spells: 4 memorised, 3 levels left

rFire  . . .     SeeInvis .     a - +0 falchion
rCold  . . .     Clarity  .     C - +0 ring mail
rNeg   . . .     SustAt   .     (no shield)
rPois  +         Gourm    .     (no helmet)
rElec  .         Spirit   .     (no cloak)
rCorr  .         Warding  .     (no gloves)
rMut   .         Stasis   .     k - +0 pair of boots
MR     .....                    (no amulet)
Stlth  +.........               s - +2 ring of intelligence
                                y - ring of poison resistance

@: very slightly contaminated, not resistant to hostile enchantments, very
unstealthy
A: no striking features
a: no special abilities


You were in the Ecumenical Temple.
You were not hungry.

You visited 2 branches of the dungeon, and saw 6 of its levels.

You collected 176 gold pieces.

Inventory:

Hand Weapons
 a - a +0 falchion (weapon)
 l - a +0 dagger of venom
 x - a +0 halberd
Armour
 b - a +0 leather armour
 k - a +0 pair of boots (worn)
 C - a +0 ring mail (worn)
Jewellery
 e - an uncursed ring of protection from magic
 s - a +2 ring of intelligence (right hand)
 y - a ring of poison resistance (left hand)
Wands
 v - a wand of frost (21)
Scrolls
 j - 11 scrolls of identify {unknown}
 n - 2 scrolls of remove curse {unknown}
 p - 2 scrolls of enchant weapon {unknown}
 q - a scroll of noise {unknown}
 r - a scroll of random uselessness {unknown}
 t - a scroll of teleportation {unknown}
 u - a scroll of magic mapping {unknown}
 w - 2 scrolls of enchant armour {unknown}
Potions
 f - 3 potions of poison {unknown}
 h - a potion of cure mutation {unknown}
 i - a potion of lignification {unknown}
 m - a potion of haste {unknown}
 o - a potion of magic {unknown}
 z - a potion of mutation {unknown}
 E - a potion of invisibility {unknown}
 F - a potion of curing {unknown}
Books
 c - a book of Battle

   Spells                             Type                      Level
   a - Infusion                       Charms                       1
   b - Shroud of Golubria             Charms/Translocation         2
   c - Song of Slaying                Charms                       2
   d - Spectral Weapon                Hexes/Charms                 3
   e - Regeneration                   Charms/Necromancy            3
Comestibles
 d - 2 bread rations
 g - a slice of pizza
 A - a royal jelly
 D - 2 meat rations


   Skills:
 + Level 3.1 Fighting
 * Level 4.3 Long Blades
 + Level 2.5 Armour
 + Level 2.4 Dodging
 + Level 3.8 Spellcasting
 + Level 1.5 Hexes
 + Level 4.6 Charms
 + Level 1.6 Translocations


You had 3 spell levels left.
You knew the following spells:

 Your Spells              Type           Power        Failure   Level  Hunger
a - Infusion              Chrm           ###...       6%          1    None
d - Shroud of Golubria    Chrm/Tloc      ##........   14%         2    ##.....
e - Regeneration          Chrm/Necr      ##........   41%         3    ###....
s - Spectral Weapon       Hex/Chrm       ##......     28%         3    ###....


Dungeon Overview and Level Annotations

Branches:
Dungeon (5/15)             Temple (1/1) D:5

Altars:
Ashenzari
Gozag
Kikubaaqudgha
Nemelex Xobeh
Qazlal
Trog
Xom
Zin

Annotations:
D:5 Menkaure


Message History

You draw out your weapon's spirit!
The orc priest hits you with a club.
You take 2 damage.
You closely miss the orc priest.
Your spectral weapon hits the orc priest but does no damage.
The orc priest closely misses you.
You barely miss the orc priest.
Your spectral weapon hits the orc priest but does no damage.
The orc priest hits you but does no damage.
You hit the orc priest.
The orc priest is lightly wounded.
Your spectral weapon completely misses the orc priest.
The orc priest hits you with a club.
* * * LOW HITPOINT WARNING * * *
You take 4 damage.
You hit the orc priest but do no damage.
The orc priest is lightly wounded.
Your spectral weapon hits the orc priest.
The orc priest invokes the aid of Beogh against you.
Something smites you!
You die...

......._.......
...............
...............
...............
...............
...............
......o........
_.....(@......_
...............
...............
...............
...............
...............
...............
......._.......


You could see an orc priest.

Vanquished Creatures
  A giant frog (D:4)
  2 hounds (D:4)
  2 orc priests
  A centaur skeleton (D:4)
  A worker ant (D:3)
  An orc wizard (D:5)
  7 adders
  2 oozes
  A worm (D:3)
  8 orcs
  6 goblins
  5 hobgoblins
  12 jackals
  6 kobolds
  3 quokkas
  13 bats
  3 giant cockroaches
  3 giant geckos
  9 giant newts
  9 rats
  A plant (D:2)
96 creatures vanquished.

Notes
Turn   | Place    | Note
--------------------------------------------------------------
     0 | D:1      | xeno23 the High Elf Skald began the quest for the Orb.
     0 | D:1      | Reached XP level 1. HP: 14/14 MP: 4/4
   449 | D:1      | Reached skill level 1 in Armour
   470 | D:1      | Reached XP level 2. HP: 12/19 MP: 2/6
   475 | D:1      | Learned a level 2 spell: Shroud of Golubria
  1050 | D:2      | Found a shimmering altar of Xom.
  1055 | D:2      | Reached XP level 3. HP: 21/24 MP: 7/7
  1065 | D:2      | Learned a level 3 spell: Spectral Weapon
  1089 | D:2      | Reached skill level 4 in Charms
  1716 | D:2      | Reached XP level 4. HP: 28/30 MP: 9/9
  2109 | D:3      | Learned a level 3 spell: Regeneration
  2394 | D:3      | Found an opulent altar of Gozag.
  2492 | D:3      | Found a bloodstained altar of Trog.
  2754 | D:3      | Reached XP level 5. HP: 32/35 MP: 7/10
  2777 | D:3      | Reached skill level 1 in Hexes
  3273 | D:4      | Reached skill level 1 in Translocations
  3273 | D:4      | Reached XP level 6. HP: 35/41 MP: 3/12
  3350 | D:4      | Found a sparkling altar of Nemelex Xobeh.
  3731 | D:5      | Entered Level 5 of the Dungeon
  3908 | D:5      | Found a staircase to the Ecumenical Temple.
  3908 | D:5      | Noticed Menkaure
  3935 | Temple   | Entered the Ecumenical Temple
  3941 | Temple   | Killed from afar by an orc priest

Action                   |  1- 3 |  4- 6 || total
-------------------------+-------+-------++-------
Melee: Falchion          |   132 |   257 ||   389
       Dagger            |       |     7 ||     7
 Cast: Infusion          |     8 |     5 ||    13
       Shroud of Golubri |     3 |     8 ||    11
       Spectral Weapon   |     2 |     8 ||    10
       Regeneration      |       |     3 ||     3
 Stab: Sleeping          |       |     3 ||     3
       Distracted        |       |     1 ||     1
  Eat: Chunk             |     3 |    10 ||    13
